 Dungeon Crawl Stone Soup version 0.15.0-13-gb296d5c (webtiles) character file.

2238 Aelig the Martial Artist (level 9, -3/53 HPs)
             Began as an Octopode Transmuter on Sept 3, 2014.
             Was an Initiate of Ashenzari.
             Slain by a killer bee (5 damage)
             ... on Level 8 of the Dungeon.
             The game lasted 00:27:52 (8494 turns).

Aelig the Martial Artist (Octopode Transmuter)      Turns: 8494, Time: 00:27:53

HP  -3/53        AC  1     Str 15      XL: 9   Next: 36%
MP  13/14        EV 12     Int 24      God: Ashenzari [......]
Gold 406         SH  0     Dex 13      Spells:  3 memorised,  6 levels left

rFire  + + .     SeeInvis .       - Unarmed
rCold  . . .     Clarity  .     (no shield)
rNeg   . . .     rCorr    .     (helmet restricted)
rPois  .         rRot     .     (no amulet)
rElec  .         Spirit   .     e - ring of protection from fire
SustAb .         Warding  .     h - ring of protection from fire
rMut   .         Stasis   .     I - +6 ring of intelligence
Gourm  .                        w - +6 ring of strength
MR     .....                    (no ring)
                                (no ring)
                                (no ring)
                                (no ring)

@: lethally poisoned, appendage, not resistant to hostile enchantments, stealthy
A: almost no armour, amphibious, 8 rings, constrict 8, tentacle spike 3,
camouflage 1, gelatinous body 1
a: End Transformation, Renounce Religion


You were on level 8 of the Dungeon.
You worshipped Ashenzari.
Ashenzari was noncommittal.
You were not hungry.
One of your tentacles had a temporary spike.
You visited 2 branches of the dungeon, and saw 9 of its levels.

You collected 406 gold pieces.

Inventory:

Missiles
 b - 241 arrows
 k - 65 stones (quivered)
Magical devices
 z - a wand of magic darts (7)
 A - a wand of paralysis (9)
 H - a wand of lightning (2)
 K - a wand of paralysis (13)
 L - a wand of disintegration (7) {unknown}
Comestibles
 a - 7 bread rations
 m - 2 meat rations
 N - 4 fruits
Scrolls
 j - 3 scrolls of recharging {unknown}
 n - 2 scrolls of enchant armour {unknown}
 o - 8 scrolls of identify {unknown}
 p - 3 scrolls of teleportation {unknown}
 t - a scroll of remove curse
 x - a scroll of enchant weapon {unknown}
 y - 2 scrolls of random uselessness {unknown}
 B - a scroll of magic mapping {unknown}
 D - a scroll of fear {unknown}
 F - a scroll of vulnerability {unknown}
 G - a scroll of fog {unknown}
 J - a scroll of amnesia {unknown}
Jewellery
 e - a ring of protection from fire (left tentacle)
 h - a ring of protection from fire (right tentacle)
 w - a +6 ring of strength (on tentacle)
 I - a +6 ring of intelligence (on tentacle)
Potions
 c - a potion of curing
 f - a potion of resistance {unknown}
 g - 2 potions of mutation {unknown}
 i - a potion of heal wounds {unknown}
 l - 3 potions of flight {unknown}
 q - a potion of beneficial mutation {unknown}
 r - 3 potions of restore abilities {unknown}
 s - a potion of cancellation {unknown}
 C - a potion of cure mutation {unknown}
 E - a potion of invisibility {unknown}
 M - 2 potions of poison {unknown}
Books
 d - a book of Changes

   Spells                             Type                      Level
   *Beastly Appendage                 Transmutation                1
   *Sticks to Snakes                  Transmutation                2
   *Spider Form                       Transmutation/Poison         3
   Ice Form                           Ice/Transmutation            4
   Blade Hands                        Transmutation                5
 v - a book of Power

   Spells                             Type                      Level
   Fulminant Prism                    Conjuration/Hexes            4
   Iskenderun's Mystic Blast          Conjuration                  4
   Venom Bolt                         Conjuration/Poison           5
   Bolt of Magma                      Conjuration/Fire/Earth       5
   Iron Shot                          Conjuration/Earth            6
   Orb of Destruction                 Conjuration                  7
 O - a book of Wizardry

   Spells                             Type                      Level
   Agony                              Necromancy                   5
   Force Lance                        Conjuration                  5
   Dispersal                          Translocation                6
   Haste                              Charms                       6
   Invisibility                       Hexes                        6
   Spellforged Servitor               Conjuration/Summoning        7


   Skills:
 - Level 1.0 Fighting
 - Level 2.0 Dodging
 - Level 6.3 Stealth
 + Level 8.8 Unarmed Combat
 - Level 2.0 Spellcasting
 - Level 8.0 Transmutations


You had 6 spell levels left.
You knew the following spells:

 Your Spells              Type           Power        Failure   Level  Hunger
a - Beastly Appendage     Trmt           #####.       1%          1    #......
b - Sticks to Snakes      Trmt           #####.....   1%          2    ##.....
c - Spider Form           Trmt/Pois      ###.......   10%         3    ###....


Dungeon Overview and Level Annotations

Branches:
Dungeon (8/15)             Temple (1/1) D:6
   Lair: D:8-11

Altars:
Ashenzari
Cheibriados
Elyvilon
Fedhas
Nemelex Xobeh
Okawaru
Qazlal
Vehumet
Xom
Yredelemnul
Zin
The Shining One

Shops:
D:6 *   D:7 %

Annotations:
D:6 exclusions: door and downstairs
D:7 exclusion: downstairs
D:8 1 exclusion, Maurice


Innate Abilities, Weirdness & Mutations

You cannot wear most types of armour.
You are amphibious.
You can wear up to eight rings at the same time.
You can use your tentacles to constrict many enemies at once.
Your skin changes colour to match your surroundings (Stealth).
Your rubbery body absorbs attacks (AC +1).
One of your tentacles bears a large vicious spike.


Message History

You barely miss the killer bee. Your grab misses the killer bee.
Your tentacle-slap misses the killer bee.
Your squeeze misses the killer bee.
The killer bee is heavily wounded.
The killer bee stings you but does no damage.
The killer bee stings you!
* * * LOW HITPOINT WARNING * * *
Drink which item? (? for menu, Esc to quit)
You feel better. The killer bee stings you.
* * * LOW HITPOINT WARNING * * *
The killer bee barely misses you.
You bludgeon the killer bee! Your grab misses the killer bee.
Your tentacle spike misses the killer bee.
Your tentacle-slap misses the killer bee.
The killer bee is almost dead.
The killer bee stings you.
* * * LOW HITPOINT WARNING * * *
You are lethally poisoned!
The killer bee poisons you! The killer bee stings you.
You die...

#########.#####.#
.............##.##
####..##.......(.##
####..##..#...#.#.##
y$..............##.#
####..###.#.....##.#
#..# #.#..##.##.#
.....S...#.#y#.##
######....H..@##
#.....#.## ##+ #.#
#.# ###


You could see a hippogriff, a killer bee and a ball python.

Vanquished Creatures
  A hippogriff (D:7)
  2 sky beasts
  An ice beast (D:6)
  A centaur (D:6)
  A giant frog (D:7)
  Sigmund (D:7)
  4 ogres
  3 scorpions
  3 killer bees (D:8)
  A centaur zombie (D:5)
  2 crimson imps (D:5)
  4 hounds
  2 giant frog skeletons (D:5)
  2 jellies
  An orc wizard (D:6)
  A gnoll shaman (D:7)
  An orc priest (D:3)
  4 worker ants
  2 ogre skeletons
  2 orc zombies
  5 adders
  21 gnolls
  A giant mite (D:8)
  A shadow imp (D:6)
  2 worms
  An adder skeleton (D:8)
  3 giant geckos
  3 oozes
  13 orcs
  14 bats
  7 giant cockroaches
  A gnoll zombie (D:6)
  14 hobgoblins
  9 jackals
  13 kobolds
  4 quokkas
  2 ball pythons (D:2)
  5 giant newts
  11 goblins
  A kobold skeleton (D:6)
  A kobold zombie (D:7)
  14 rats
  A rat skeleton (D:6)
186 creatures vanquished.

Notes
Turn   | Place    | Note
--------------------------------------------------------------
     0 | D:1      | Aelig, the Octopode Transmuter, began the quest for the Orb.
     0 | D:1      | Reached XP level 1. HP: 13/13 MP: 3/3
    17 | D:1      | Reached skill level 1 in Stealth
   236 | D:1      | Reached XP level 2. HP: 15/18 MP: 4/4
   689 | D:2      | Reached XP level 3. HP: 20/23 MP: 6/6
   693 | D:2      | Learned a level 2 spell: Sticks to Snakes
   697 | D:2      | Learned a level 3 spell: Spider Form
   881 | D:2      | Reached skill level 4 in Stealth
   903 | D:2      | Found a radiant altar of Vehumet.
   903 | D:2      | Found a shimmering altar of Xom.
  1097 | D:2      | Found a sparkling altar of Nemelex Xobeh.
  1295 | D:3      | Reached skill level 5 in Stealth
  1301 | D:3      | Reached XP level 4. HP: 26/28 MP: 4/7
  1416 | D:3      | Reached skill level 6 in Stealth
  1477 | D:3      | Found a snail-covered altar of Cheibriados.
  1791 | D:5      | Entered Level 5 of the Dungeon
  1843 | D:4      | Noticed an ogre
  1854 | D:4      | Killed an ogre
  1854 | D:4      | Reached XP level 5. HP: 30/33 MP: 6/9
  2225 | D:4      | Noticed an ogre
  2243 | D:4      | Killed an ogre
  2243 | D:4      | Reached XP level 6. HP: 38/38 MP: 4/10
  2917 | D:5      | Reached skill level 5 in Transmutations
  3221 | D:5      | Noticed a sky beast
  3238 | D:5      | Killed a sky beast
  3238 | D:5      | Reached XP level 7. HP: 36/43 MP: 10/12
  3820 | D:6      | Found a staircase to the Ecumenical Temple.
  3859 | Temple   | Entered the Ecumenical Temple
  3871 | Temple   | Became a worshipper of Ashenzari the Shackled
  3968 | D:5      | Reached skill level 7 in Transmutations
  4452 | D:5      | Found a glowing silver altar of Zin.
  4479 | D:5      | Reached XP level 8. HP: 41/48 MP: 11/13
  4831 | D:5      | Reached skill level 8 in Transmutations
  5172 | D:6      | HP: 2/48 [ogre/giant spiked club (34)]
  5737 | D:6      | HP: 2/48 [ice beast (6)]
  6470 | D:6      | Reached skill level 5 in Unarmed Combat
  6891 | D:7      | Found Wejatik's Food Boutique.
  7010 | D:6      | Found Nuafixto's Assorted Antiques.
  7231 | D:7      | Noticed Sigmund
  7311 | D:6      | Reached XP level 9. HP: 33/53 MP: 10/14
  7759 | D:8      | Noticed Maurice
  8329 | D:7      | Killed Sigmund
  8492 | D:8      | HP: 1/53 [killer bee (9)]
  8494 | D:8      | Slain by a killer bee

Action                   |  1- 3 |  4- 6 |  7- 9 || total
-------------------------+-------+-------+-------++-------
Melee: Unarmed           |    88 |   117 |   296 ||   501
Throw: Stone             |       |     1 |       ||     1
 Cast: Spider Form       |     2 |     9 |    35 ||    46
       Beastly Appendage |       |     6 |     8 ||    14
Evoke: Wand              |       |       |     8 ||     8
  Use: Potion            |       |       |     3 ||     3
 Stab: Sleeping          |     8 |     7 |    12 ||    27
       Distracted        |     1 |       |     1 ||     2
  Eat: Chunk             |     1 |     6 |    19 ||    26
       Fruit             |       |     1 |     1 ||     2
       Beef jerky        |       |       |     2 ||     2
